 Dungeon Crawl Stone Soup version 0.31.0-9-g3a7656b989 (webtiles) character file.

Game seed: 2190424590721654347

98 qw the Shooter (level 4, -2/25 HPs)
             Began as a Deep Elf Hunter on Feb 2, 2024.
             Slain by a gnoll
             ... wielding a +0 halberd
              (9 damage)
             ... on level 2 of the Dungeon.
             The game lasted 00:00:25 (1510 turns).

qw the Shooter (Deep Elf Hunter)                    Turns: 1510, Time: 00:00:26

Health: -2/25      AC: 10    Str: 10    XL:     4   Next: 43%
Magic:  6/6        EV:  9    Int: 14    God:
Gold:   39         SH:  0    Dex: 18    Spells: 3/3 levels left

rFire   . . .        a - +0 shortbow
rCold   . . .        (shield currently unavailable)
rNeg    . . .        d - +0 scale mail
rPois   .            (no helmet)
rElec   .            (no cloak)
rCorr   .            (no gloves)
SInv    .            (no boots)
Will    .....        (no amulet)
Stlth   +            g - +4 ring of protection
HPRegen 0.24/turn    (no ring)
MPRegen 0.10/turn

%: no passive effects
@: no status effects
A: no striking features
a: no special abilities


You were on level 2 of the Dungeon.
You visited 1 branch of the dungeon, and saw 2 of its levels.

You collected 39 gold pieces.


   Skills:
 - Level 1.5 Fighting
 + Level 7.9 Ranged Weapons
 - Level 2.4 Dodging
 - Level 1.2 Stealth


You had 3 spell levels left.
You didn't know any spells.
Your spell library was empty.

Inventory:

Hand Weapons
 a - a +0 shortbow (weapon)
Armour
 b - a +0 ring mail
 d - a +0 scale mail (worn)
Jewellery
 g - a +4 ring of protection (left hand)
Scrolls
 c - a scroll of fear {unknown}
Potions
 e - a potion of attraction {unknown}
 f - a potion of enlightenment {unknown}
 h - a potion of brilliance {unknown}

Dungeon Overview and Level Annotations

Branches:
Dungeon (2/15)

Altars:

Shops:
D:1 =


Message History

You shoot an arrow. The arrow closely misses the gnoll.
The gnoll barely misses you.
You shoot an arrow. The arrow hits the gnoll!
The gnoll is heavily wounded.
The gnoll barely misses you.
You shoot an arrow. The arrow closely misses the gnoll.
The gnoll hits you but does no damage. x2
You shoot an arrow. The arrow closely misses the gnoll.
The gnoll hits you from afar with a +0 spear.
You shoot an arrow. The arrow hits the gnoll.
The gnoll is heavily wounded.
The gnoll barely misses you.
You shoot an arrow.
The arrow hits the gnoll but does no damage.
The gnoll is heavily wounded.
You shoot an arrow. The arrow closely misses the gnoll.
The gnoll hits you from afar with a +0 halberd!
You shoot an arrow. The arrow hits the gnoll.
The gnoll is lightly wounded.
The gnoll hits you but does no damage.
You shoot an arrow. The arrow hits the gnoll.
The gnoll is heavily wounded.
The gnoll hits you from afar with a +0 halberd. x2
You shoot an arrow. The arrow barely misses the gnoll.
The gnoll barely misses you.
You shoot an arrow. The arrow hits the gnoll.
The gnoll is severely wounded.
The gnoll barely misses you.
You shoot an arrow. The arrow closely misses the gnoll.
A quokka comes into view.
The gnoll hits you from afar with a +0 halberd.
The gnoll hits you but does no damage.
You shoot an arrow. The arrow hits the gnoll!
You kill the gnoll!
You shoot an arrow. The arrow hits the gnoll!
You kill the gnoll!
You shoot an arrow. The arrow barely misses the gnoll.
The gnoll closely misses you.
The gnoll hits you from afar with a +0 halberd!
You die...

##.## #.# #...# .##
#.# ##.## ..# ###.#
#.# .. #...#
####.#### g. #.###
#......># g# #.#
#)##.##.# g# #.#
#.##.##.####.###..#.
#.# #
#.##.......@......#.#
#.# #
#.#####.###r.........
#.# # #.#####.#
#..)....#.###.#### #
###.......#
#.................
####......####
#............####.
.....####.#
#............###..
#########.####
#................% #
#......#
#......#...#.#.... #
#.#.##.#
#...####.#.#..##


You could see 2 gnolls, a quokka and a hobgoblin.

Vanquished Creatures
  3 gnolls
  2 adders (D:2)
  A ribbon worm (D:2)
  3 ball pythons
  4 endoplasms
  2 giant cockroaches (D:1)
  10 goblins
  6 hobgoblins
  2 kobolds (D:1)
  A quokka (D:1)
  A bat (D:2)
  9 frilled lizards (D:1)
  3 rats
47 creatures vanquished.

Notes
Turn   | Place    | Note
-------+----------+-------------------------------------------
     0 | D:1      | qw the Deep Elf Hunter began the quest for the Orb.
     0 | D:1      | Reached XP level 1. HP: 12/12 MP: 3/3
     0 | D:1      | 0 ||| qw: Version: 0.3-a-155-g5e7d8dd
     0 | D:1      | 0 ||| qw: Game counter: 2813
     0 | D:1      | 0 ||| qw: Melee chars always use a shield: true
     0 | D:1      | 0 ||| qw: God list: Okawaru
     0 | D:1      | 0 ||| qw: Allow faded altars: false
     0 | D:1      | 0 ||| qw: Do Orc after clearing Dungeon:15 true
     0 | D:1      | 0 ||| qw: Do second Lair branch before Depths: true
     0 | D:1      | 0 ||| qw: Lair rune preference: random
     0 | D:1      | 0 ||| qw: Goals: Normal
     0 | D:1      | 0 ||| PLANNING D:1-11
    75 | D:1      | Found a faded altar of an unknown god.
   143 | D:1      | Reached skill level 6 in Ranged Weapons
   143 | D:1      | Reached XP level 2. HP: 11/16 MP: 4/4
   317 | D:1      | Reached XP level 3. HP: 16/20 MP: 5/5
   913 | D:1      | Found Retenuuq's Jewellery Shoppe.
   922 | D:1      | 922 ||| SHOPLISTING amulet of faith (480 gold, have 6).
   922 | D:1      | 922 ||| SHOPLISTING amulet of the acrobat (360 gold, have
                  | 6).
   922 | D:1      | 922 ||| SHOPLISTING ring "Iciesik" {Wiz rPois Str+2} (544
                  | gold, have 6).
   922 | D:1      | 922 ||| SHOPLISTING ring of ice (300 gold, have 6).
   922 | D:1      | 922 ||| SHOPLISTING ring of positive energy (240 gold, have
                  | 6).
   922 | D:1      | 922 ||| SHOPLISTING ring of protection from fire (300 gold,
                  | have 6).
  1045 | D:1      | 1045 ||| UPGRADING to +0 scale mail.
  1055 | D:1      | 1055 ||| DROPPING +0 leather armour.
  1056 | D:1      | 1056 ||| UPGRADING to +4 ring of protection.
  1057 | D:1      | 1057 ||| DROPPING scroll of butterflies.
  1114 | D:2      | Reached skill level 7 in Ranged Weapons
  1196 | D:2      | Reached XP level 4. HP: 25/25 MP: 6/6
  1504 | D:2      | HP: 6/25 [gnoll/+0 halberd (3)]
  1510 | D:2      | Slain by a gnoll

Levels and vault maps discovered:
D:1:      heliophobic_arrival_dark_side_of_the_moon, layout_loops_corners,
          ebering_ecumenical_altar_petrified, serial_shops, shop,
          minmay_lizard_pond
D:2:      layout_loops_cross

Skill      XL: |  1  2  3 |
---------------+----------+-----
Ranged Weapons | 6 7 |  7.9
Fighting       | |  1.5
Dodging        | |  2.4
Stealth        | |  1.2

Action                     |  1- 3 |  4- 6 || total
---------------------------+-------+-------++-------
   Fire: Shortbow          |    91 |    44 ||   135
 Armour: Leather armour    |    16 |       ||    16
         Scale mail        |    10 |    15 ||    25
  Dodge: Dodged            |    16 |    12 ||    28

Table legend:
 A = Non-vault XP
 B = Vault XP
 C = Vault XP percentage of total XP
 D = Non-vault monster count
 E = Vault monster count
 F = Vault count percentage of total count
                 A         B        C        D         E       F
            +---------+---------+-------+---------+---------+-------
      Total |     132 |       8 |   5.7 |      39 |       8 |  17.0
            +---------+---------+-------+---------+---------+-------
        D:1 |      54 |       8 |  12.9 |      23 |       8 |  25.8
        D:2 |      78 |       0 |   0.0 |      16 |       0 |   0.0
            +---------+---------+-------+---------+---------+-------
